 Dungeon Crawl Stone Soup version 0.30.1-4-g462c640d31 (webtiles) character file.

Game seed: 14778242175096094502

6 hypnoticbox30 the Digger (level 1, 0/11 HPs)
             Began as a Gargoyle Earth Elementalist on Sept 6, 2023.
             Shot with a sling bullet by a goblin (6 damage)
             ... on level 2 of the Dungeon.
             The game lasted 00:04:02 (139 turns).

hypnoticbox30 the Digger (GrEE)                      Turns: 139, Time: 00:04:03

Health: 0/11       AC:  4    Str: 11    XL:     1   Next: 90%
Magic:  3/3        EV: 11    Int: 15    God:
Gold:   0          SH:  0    Dex: 10    Spells: 3/4 levels left

rFire   . . .        d - +0 dagger
rCold   . . .        (no shield)
rNeg    + . .        a - +0 robe
rPois   ∞            (no helmet)
rElec   +            (no cloak)
rCorr   .            (no gloves)
SInv    .            (no boots)
Will    .....        (no amulet)
Stlth   ++           (no ring)
HPRegen 0.21/turn    (no ring)
MPRegen 0.08/turn

%: no passive effects
@: no status effects
A: sickness immunity, AC +2, negative energy resistance 1, electricity
resistance, torment resistance 1, petrification resistance
a: no special abilities


You were on level 2 of the Dungeon.
You visited 1 branch of the dungeon, and saw 2 of its levels.

Inventory:

Hand Weapons
 d - a +0 dagger (weapon)
Missiles
 c - 3 poisoned darts
Armour
 a - a +0 robe (worn)
Jewellery
 e - an amulet of guardian spirit
Potions
 b - a potion of magic


   Skills:
 * Level 0.5 Fighting
 * Level 0.1 Armour
 + Level 1.5 Dodging
 * Level 2.2 Stealth
 * Level 2.1 Spellcasting
 - Level 0.7 Transmutations
 + Level 3.8 Earth Magic


You had 3 spell levels left.
You knew the following spells:

 Your Spells              Type           Power      Damage    Failure   Level
a - Sandblast             Erth           26%        2d8       4%          1

Your spell library contained the following spells:

 Spells                   Type           Power      Damage    Failure   Level
 Passwall                 Tmut/Erth      6%         N/A       13%         2
 Stone Arrow              Conj/Erth      14%        3d7       30%         3
 Petrify                  Tmut/Erth      8%         N/A       65%         4


Dungeon Overview and Level Annotations

Branches:
Dungeon (2/15)

Altars:


Innate Abilities, Weirdness & Mutations

You are immune to sickness and miasma.
Your stone body is resilient. (AC +2)
You are immune to poison.
You resist negative energy. (rN+)
You are resistant to electric shocks. (rElec)
You are resistant to unholy torment.
You are immune to petrification.


Message History

The ball python bites you. The ball python constricts you.
You hit the ball python.
The ball python is severely wounded.
The ball python bites you but does no damage.
The ball python constricts you.
You hit the ball python.
You kill the ball python!
Found an escape hatch in the floor.
The ball python hisses angrily.
There is an escape hatch in the floor here.
You slide downwards.
The hatch slams shut behind you.
Found a scroll labelled NAWOFI JICIMM and 4 gold pieces.
Sorry, you're not good enough to have a special ability.
Unknown command.
Casting: Sandblast (safe; 4% risk of failure)
Confirm with . or Enter, or press ? or * to list all spells.
Aiming: Sandblast (safe; 4% risk of failure)
Press: ? - help, Shift-Dir - straight line Out of range.
Okay, then.
The goblin shouts!
Unknown command.
Found 14 gold pieces.
A goblin comes into view. It is wielding a +0 club.
Casting: Sandblast (safe; 4% risk of failure)
Confirm with . or Enter, or press ? or * to list all spells.
You can't see any susceptible monsters within range! (Use Z to cast anyway.) Unknown command.
Casting: Sandblast (safe; 4% risk of failure)
Confirm with . or Enter, or press ? or * to list all spells.
You can't see any susceptible monsters within range! (Use Z to cast anyway.)
Found 15 gold pieces.
The goblin shouts!
The goblin unwields a +0 club.
The goblin wields a +0 sling.
The goblin shoots a sling bullet.
The sling bullet hits you.
You closely miss the bat. The bat closely misses you.
The bat barely misses you. The bat misses you.
The goblin shoots a sling bullet.
The sling bullet hits you.
Ouch! That really hurt!
You die...

.... #... ...
#.... #..
...... #.#
.?....
#.###......
##..........
##...b.......
#....@......#
#...........#
#...........#
#...g.......#
#..r......$$.
##......$.##.
#........#
.......g..


You could see 2 goblins, a bat and a rat.

Vanquished Creatures
  A ball python (D:1)
  A bat (D:1)
  A giant cockroach (D:1)
  A frilled lizard (D:1)
  A kobold (D:1)
  A rat (D:1)
6 creatures vanquished.

Notes
Turn   | Place    | Note
-------+----------+-------------------------------------------
     0 | D:1      | hypnoticbox30 the Gargoyle Earth Elementalist began the
                  | quest for the Orb.
     0 | D:1      | Reached XP level 1. HP: 10/10 MP: 3/3
   139 | D:2      | Shot with a sling bullet by a goblin

Illustrated notes

Levels and vault maps discovered:
D:1:      shiori_shiawase, layout_loops_cross
D:2:      layout_rooms

Action                     || total
---------------------------++-------
  Melee: Unarmed           ||    20
         Dagger            ||     8
   Cast: Sandblast         ||     2
 Armour: Robe              ||     7
  Dodge: Dodged            ||    29
